 Dungeon Crawl Stone Soup version 0.22-a0-32-ga749362bc3 (webtiles) character file.

1960 Kaname the Destroyer (level 9, 57/57 HPs)
             Began as a Demonspawn Wizard on Jan 3, 2018.
             Quit the game on level 7 of the Dungeon.
             The game lasted 00:21:17 (6212 turns).

Kaname the Destroyer (Demonspawn Wizard)            Turns: 6212, Time: 00:21:18

Health: 57/57      AC:  7    Str:  8    XL:     9   Next: 0%
Magic:  19/24      EV: 15    Int: 23    God:
Gold:   530        SH:  0    Dex: 11    Spells: 7/16 levels left

rFire    . . .     SeeInvis .   C - +0 dagger (venom)
rCold    + . .     Gourm    .   (no shield)
rNeg     . . .     Faith    .   u - +0 leather armour (curse)
rPois    .         Spirit   .   b - +0 hat
rElec    .         Reflect  .   h - +0 cloak
rCorr    .         Harm     +   v - +0 pair of gloves (curse)
MR       .....                  (no boots)
Stlth    +.........             B - amulet of harm
HPRegen  0.19/turn              t - ring of magical power
MPRegen  0.19/turn              q - +4 ring of evasion

@: no status effects
A: antennae 2, molten scales 1, cold resistance 1, demonic guardian 1, freezing
cloud immunity
a: no special abilities


You were on level 7 of the Dungeon.
You were not hungry.

You visited 2 branches of the dungeon, and saw 8 of its levels.

You collected 530 gold pieces.

Inventory:

Hand Weapons
 C - a +0 dagger of venom (weapon)
 E - a +1 glaive of chopping
Missiles
 a - 155 arrows
Armour
 b - a +0 hat (worn)
 h - a +0 cloak (worn)
 u - a cursed +0 leather armour (worn)
 v - a cursed +0 pair of gloves (worn)
Jewellery
 m - an uncursed ring of protection from magic
 q - a +4 ring of evasion (right hand)
 t - a ring of magical power (left hand)
 B - an amulet of harm (around neck)
Wands
 j - a wand of polymorph (16)
 o - a wand of enslavement (12)
 z - a wand of clouds (8)
 F - a wand of random effects (35)
Scrolls
 e - 3 scrolls of fog
 f - 5 scrolls of amnesia
 k - 9 scrolls of teleportation
 l - a scroll of magic mapping {unknown}
 r - a scroll of enchant armour
 w - a scroll of blinking {unknown}
 y - a scroll of remove curse {unknown}
 A - a scroll of enchant weapon {unknown}
Potions
 c - 2 potions of heal wounds
 g - 7 potions of curing
 i - 6 potions of agility
 n - 5 potions of cancellation
 p - a potion of resistance {unknown}
 s - 3 potions of haste {unknown}
 x - 4 potions of flight
Books
 G - a book of Debilitation

   Spells                             Type                      Level
   a - Corona                         Hexes                        1
   b - Slow                           Hexes                        2
   c - Inner Flame                    Hexes/Fire                   3
   d - Portal Projectile              Hexes/Translocation          3
   e - Cause Fear                     Hexes                        4
   f - Leda's Liquefaction            Hexes/Earth                  4
Comestibles
 d - 16 rations
 D - 3 chunks of flesh


   Skills:
 - Level 1.7 Dodging
 - Level 1.7 Stealth
 - Level 4.0 Spellcasting
 + Level 9.5 Conjurations
   Level 1.0 Summonings
 - Level 1.0 Translocations
 - Level 3.1 Fire Magic
 - Level 3.0 Air Magic
 - Level 3.0 Poison Magic


You had 7 spell levels left.
You knew the following spells:

 Your Spells              Type           Power        Failure   Level  Hunger
a - Magic Dart            Conj           ####         1%          1    None
b - Blink                 Tloc           N/A          16%         2    #......
c - Mephitic Cloud        Conj/Pois/Air  ####....     5%          3    ##.....
d - Conjure Flame         Conj/Fire      ####....     3%          3    ##.....


Dungeon Overview and Level Annotations

Branches:
Dungeon (7/15)             Temple (1/1) D:6

Altars:
Ashenzari
Cheibriados
Dithmenos
Gozag
Hepliaklqana
Kikubaaqudgha
Makhleb
Nemelex Xobeh
Okawaru
Sif Muna
Trog
Uskayaw
Wu Jian
Xom
Yredelemnul
Zin

Annotations:
D:3 blobbo's ghost, amateur DrEE


Innate Abilities, Weirdness & Mutations

You have a pair of antennae on your head.
You are partially covered in molten scales. (AC +2)
Your flesh is cold resistant. (rC+)
A weak demonic guardian rushes to your aid.
You are immune to freezing clouds.


Message History

Aiming: Magic Dart
Press: ? - help, Shift-Dir - straight line, f/p - gnoll
Aim: a gnoll, wielding a halberd (severely wounded)
The magic dart hits the gnoll.
The gnoll is almost dead.
A gnoll comes into view. It is wielding a halberd.
Casting: Magic Dart
Confirm with . or Enter, or press ? or * to list all spells.
Aiming: Magic Dart
Press: ? - help, Shift-Dir - straight line, f/p - gnoll
Aim: a gnoll, wielding a halberd (almost dead)
The magic dart hits the gnoll.
You kill the gnoll!
You have reached level 9!
Your experience leads to an increase in your attributes!
Increase (S)trength, (I)ntelligence, or (D)exterity?
You feel clever.
Your demonic ancestry asserts itself...
Molten scales grow over part of your body.
The gnoll shouts!
Are you sure you want to abandon this character and quit the game? (Confirm with "yes".)

#.................#
+.................#
#..........##.....#
##.......#.##.#.#.#
##.....##.##.###.#
##...###.##.###.#
##'## #....<...#
#.# ####.##### #@#
#.# #.# #.# ... #.#
..).. #.# #.g...#
#.# ....... ..#
#..g##.## ### ##.#
.#


You could see 2 gnolls.

Vanquished Creatures
  Sigmund (D:4)
  A black bear (D:6)
  A sky beast (D:7)
  A phantom (D:5)
  2 big kobolds (D:6)
  A bullfrog (D:3)
  A scorpion (D:4)
  3 electric eels (D:6)
  A howler monkey (D:4)
  2 crimson imps (D:5)
  2 hounds
  An iron imp (D:6)
  2 iguanas
  An orc wizard (D:3)
  7 worker ants
  2 killer bee zombies
  7 gnolls
  8 adders
  An ooze (D:1)
  An adder zombie (D:6)
  A worm (D:3)
  A dart slug (D:1)
  6 leopard geckos
  12 orcs
  A ball python (D:2)
  11 bats
  6 giant cockroaches
  3 goblins
  7 hobgoblins
  10 jackals
  3 quokkas
  4 frilled lizards
  38 kobolds
  A leopard gecko skeleton (D:4)
  A quokka skeleton (D:4)
  9 rats
160 creatures vanquished.

Vanquished Creatures (collateral kills)
  The ghost of Turtleman12345 the Cudgeler, a novice MiFi of Wu Jian (D:4)
  2 ogres (D:5)
  A big kobold (D:6)
  An iguana (D:5)
  A worker ant (D:5)
  A gnoll (D:6)
  A hobgoblin (D:6)
8 creatures vanquished.

Grand Total: 168 creatures vanquished

Notes
Turn   | Place    | Note
-------+----------+-------------------------------------------
     0 | D:1      | Kaname the Demonspawn Wizard began the quest for the Orb.
     0 | D:1      | Reached XP level 1. HP: 13/13 MP: 4/4
   418 | D:1      | Reached skill level 2 in Conjurations
   418 | D:1      | Gained mutation: You have a pair of small antennae on your head. [demonic ancestry]
   418 | D:1      | Reached XP level 2. HP: 2/19 MP: 0/6
   910 | D:1      | Reached skill level 3 in Conjurations
   914 | D:1      | Learned a level 2 spell: Blink
  1006 | D:2      | Reached XP level 3. HP: 24/24 MP: 4/7
  1011 | D:2      | Learned a level 3 spell: Mephitic Cloud
  1045 | D:2      | Reached skill level 1 in Translocations
  1068 | D:2      | Reached skill level 1 in Poison Magic
  1304 | D:2      | Found an ornate altar of the Wu Jian Council.
  1351 | D:2      | Gained mutation: A weak demonic guardian rushes to your aid. [demonic ancestry]
  1351 | D:2      | Reached XP level 4. HP: 24/30 MP: 6/8
  1356 | D:2      | Learned a level 3 spell: Conjure Flame
  1737 | D:2      | Reached skill level 4 in Conjurations
  1757 | D:2      | Reached skill level 1 in Air Magic
  1943 | D:3      | Noticed a bullfrog
  1947 | D:3      | Killed a bullfrog
  1947 | D:3      | Gained mutation: Your flesh is cold resistant. (rC+) [demonic ancestry]
  1947 | D:3      | Reached XP level 5. HP: 35/35 MP: 9/9
  1956 | D:3      | Reached skill level 5 in Conjurations
  1965 | D:3      | Noticed blobbo's ghost (amateur DrEE)
  2609 | D:4      | Gained mutation: You have a pair of antennae on your head. [demonic ancestry]
  2609 | D:4      | Reached XP level 6. HP: 37/41 MP: 8/10
  2658 | D:4      | Noticed Turtleman12345's ghost (novice MiFi)
  2978 | D:4      | Killed Turtleman12345's ghost
  2978 | D:4      | Reached skill level 7 in Conjurations
  2978 | D:4      | Reached XP level 7. HP: 46/46 MP: 11/11
  3002 | D:4      | Noticed Sigmund
  3012 | D:4      | Killed Sigmund
  3012 | D:4      | Reached skill level 1 in Fire Magic
  3481 | D:5      | Entered Level 5 of the Dungeon
  3627 | D:5      | Gained mutation: You are immune to freezing clouds. [demonic ancestry]
  3627 | D:5      | Reached XP level 8. HP: 27/52 MP: 13/13
  3710 | D:5      | Found an opulent altar of Gozag.
  4056 | D:5      | Found a hazy altar of Hepliaklqana.
  4111 | D:5      | Found a deep blue altar of Sif Muna.
  4132 | D:5      | Reached skill level 8 in Conjurations
  4306 | D:6      | Found a staircase to the Ecumenical Temple.
  4314 | Temple   | Entered the Ecumenical Temple
  4686 | D:6      | Found a sparkling altar of Nemelex Xobeh.
  5323 | D:6      | Reached skill level 9 in Conjurations
  5668 | D:6      | Found a snail-covered altar of Cheibriados.
  6211 | D:7      | Gained mutation: You are partially covered in molten scales. (AC +2) [demonic ancestry]
  6211 | D:7      | Reached XP level 9. HP: 57/57 MP: 15/15
  6212 | D:7      | Quit the game

Vault maps used:
D:1:      lemuel_arrival_cross
D:2:      lemuel_doored_altar, minmay_split_cup_small
D:4:      first_ration, kennysheep_generic_room_14, uniq_sigmund
D:5:      nicolae_gozag_cash_rules_everything_around_me, kennysheep_mini_moat,
          kennysheep_mini
D:6:      minmay_goblin_kobold_castle, nemelex_xobeh_ov_fountains_minmay,
          slow_altar_2, temple_statues
D:7:      nicolae_overflow_hidden_temple, tso_metal_star, kennysheep_little_box,
          lemuel_mausoleum_altar_yredelemnul, uniq_menkaure
Temple:   dpeg_chambers_temple

Skill      XL: |  1  2  3  4  5  6  7  8 |
---------------+-------------------------+-----
Conjurations   | 2 3 4 5 7 9 |  9.5
Translocations | 1 |  1.0
Poison Magic   | 1 2 3 |  3.0
Air Magic      | 1 3 |  3.0
Fire Magic     | 2 3 |  3.1
Spellcasting   | 4 |  4.0
Dodging        | |  1.7
Stealth        | |  1.7
Summonings     | |  1.0

Action                   |  1- 3 |  4- 6 |  7- 9 || total
-------------------------+-------+-------+-------++-------
Melee: Unarmed           |    27 |       |       ||    27
       Short sword       |    21 |    47 |    63 ||   131
       Dagger            |       |       |   104 ||   104
 Cast: Magic Dart        |    66 |   108 |   189 ||   363
       Mephitic Cloud    |       |       |     6 ||     6
  Use: Scroll            |       |     6 |     2 ||     8
 Stab: Sleeping          |     1 |     1 |     1 ||     3
       Confused          |       |       |     3 ||     3
  Eat: Chunk             |     1 |     5 |    11 ||    17
Armor: Robe              |    20 |     1 |       ||    21
       Leather armour    |       |     8 |    32 ||    40
Dodge: Dodged            |    48 |    49 |   183 ||   280

Table legend:
 A = Spawn XP
 B = Non-spawn XP
 C = Spawn XP percentage of total XP
 D = Spawn monster count
 E = Non-spawn monster count
 F = Spawn count percentage of total count
 G = Total turns spent on level
                    A         B        C        D         E        F      G
               +---------+---------+-------+---------+---------+-------+---------
         Total |       0 |    2800 |   0.0 |       0 |     168 |   0.0 |  6212
               +---------+---------+-------+---------+---------+-------+---------
           D:1 |       0 |      39 |   0.0 |       0 |      21 |   0.0 |  1030
           D:2 |       0 |     131 |   0.0 |       0 |      25 |   0.0 |   799
           D:3 |       0 |     166 |   0.0 |       0 |      22 |   0.0 |   753
           D:4 |       0 |     946 |   0.0 |       0 |      21 |   0.0 |   899
           D:5 |       0 |     609 |   0.0 |       0 |      17 |   0.0 |   818
           D:6 |       0 |     694 |   0.0 |       0 |      56 |   0.0 |  1437
           D:7 |       0 |     215 |   0.0 |       0 |       6 |   0.0 |   234
               +---------+---------+-------+---------+---------+-------+---------
